| TOP OF THE 1ST |
|
Detroit Tigers batting - Pitching for New York Yankees : RHP Paul Moskau
|
|
Pitching: RHP Paul Moskau
|
|
|
Batting: SHB Lee Mazzilli
|
0-0: Ball 1-0: Foul Ball, location: 2F 1-1: Bunted foul 1-2: Ground out 4-3 (Groundball, 34D, EV 88.1 MPH)
|
|
Batting: RHB Rusty Tillman
|
0-0: Called Strike 0-1: Foul Ball, location: 2F 0-2: Fly out, F9 (Flyball, 9D, EV 94.4 MPH)
|
|
Batting: SHB Tony Phillips
|
0-0: Called Strike 0-1: Ball 1-1: Called Strike 1-2: Strikes out swinging
|
| Top of the 1st over - 0 runs, 0 hits, 0 errors, 0 left on base; Detroit 0 - New York 0 |
| BOTTOM OF THE 1ST |
|
New York Yankees batting - Pitching for Detroit Tigers : RHP Matt Wiseman
|
|
Pitching: RHP Matt Wiseman
|
|
|
Batting: SHB Willie Wilson
|
0-0: Swinging Strike 0-1: Ball 1-1: Swinging Strike 1-2: Foul Ball, location: 2F 1-2: Foul Ball, location: 2F 1-2: Foul Ball, location: 2F 1-2: Strikes out looking
|
|
Batting: RHB David Hall
|
0-0: Ball 1-0: Called Strike 1-1: Ball 2-1: Ball 3-1: Fly out, F9 (Line Drive, 9D, EV 110.6 MPH)
|
|
Batting: LHB Wade Boggs
|
0-0: Fly out, F6 (Popup, 6, EV 58.8 MPH)
|
| Bottom of the 1st over - 0 runs, 0 hits, 0 errors, 0 left on base; Detroit 0 - New York 0 |
| TOP OF THE 2ND |
|
Detroit Tigers batting - Pitching for New York Yankees : RHP Paul Moskau
|
|
Batting: LHB Greg Brock
|
0-0: Swinging Strike 0-1: Ground out 4-3 (Groundball, 4, EV 78.1 MPH)
|
|
Batting: RHB Larry Parrish
|
0-0: Fly out, F4 (Flyball, 4D, EV 80.6 MPH)
|
|
Batting: RHB Andre Thornton
|
0-0: Swinging Strike 0-1: Foul Ball, location: 2F 0-2: Fly out, F7 (Flyball, 78D, EV 103.1 MPH)
|
| Top of the 2nd over - 0 runs, 0 hits, 0 errors, 0 left on base; Detroit 0 - New York 0 |
| BOTTOM OF THE 2ND |
|
New York Yankees batting - Pitching for Detroit Tigers : RHP Matt Wiseman
|
|
Batting: LHB Kent Hrbek
|
0-0: Ball 1-0: Foul Ball, location: 2F 1-1: Fly out, F8 (Line Drive, 8RD, EV 93.8 MPH)
|
|
Batting: RHB Pedro Guerrero
|
0-0: Ball 1-0: Swinging Strike 1-1: Called Strike 1-2: Ground out 6-3 (Groundball, 6, EV 82.5 MPH)
|
|
Batting: LHB George Kaage
|
0-0: Ball 1-0: Ball 2-0: Ball 3-0: Called Strike 3-1: Base on Balls
|
|
Batting: RHB Emanuel Cortez
|
0-0: Called Strike 0-1: Called Strike 0-2: Foul Ball, location: 2F 0-2: Ball George Kaage steals 2nd base 1-2: Ball 2-2: Strikes out looking
|
| Bottom of the 2nd over - 0 runs, 0 hits, 0 errors, 1 left on base; Detroit 0 - New York 0 |
| TOP OF THE 3RD |
|
Detroit Tigers batting - Pitching for New York Yankees : RHP Paul Moskau
|
|
Batting: LHB Randy S Johnson
|
0-0: Ball 1-0: Called Strike 1-1: Foul Ball, location: 2F 1-2: Ball 2-2: Foul Ball, location: 2F 2-2: Foul Ball, location: 2F 2-2: Foul Ball, location: 2F 2-2: Ball 3-2: Fly out, F7 (Flyball, 7LM, EV 94.4 MPH)
|
|
Batting: LHB Dan Graham
|
0-0: Ball 1-0: Ball 2-0: Ball 3-0: Called Strike 3-1: SINGLE (Line Drive, 78S, EV 88.8 MPH)
|
|
Batting: RHB Mike Sproles
|
0-0: Called Strike 0-1: Called Strike 0-2: Fly out, F3 (Popup, 23F, EV 89.4 MPH)
|
|
Batting: SHB Lee Mazzilli
|
0-0: Ball 1-0: Called Strike 1-1: Ball 2-1: Called Strike 2-2: Ground out 4-3 (Groundball, 34, EV 80.6 MPH)
|
| Top of the 3rd over - 0 runs, 1 hit, 0 errors, 1 left on base; Detroit 0 - New York 0 |
| BOTTOM OF THE 3RD |
|
New York Yankees batting - Pitching for Detroit Tigers : RHP Matt Wiseman
|
|
Batting: SHB Jerry Manuel
|
0-0: Ball 1-0: Ground out 4-3 (Groundball, 4, EV 90.0 MPH)
|
|
Batting: LHB Ron Hassey
|
0-0: Called Strike 0-1: Ground out 4-3 (Groundball, 34D, EV 83.1 MPH)
|
|
Batting: SHB Willie Wilson
|
0-0: Ground out U3 (Groundball, 3, EV 84.4 MPH)
|
| Bottom of the 3rd over - 0 runs, 0 hits, 0 errors, 0 left on base; Detroit 0 - New York 0 |
| TOP OF THE 4TH |
|
Detroit Tigers batting - Pitching for New York Yankees : RHP Paul Moskau
|
|
Batting: RHB Rusty Tillman
|
0-0: Ball 1-0: Ball 2-0: Called Strike 2-1: Called Strike 2-2: Ball 3-2: Strikes out looking
|
|
Batting: SHB Tony Phillips
|
0-0: Ball 1-0: Called Strike 1-1: Swinging Strike 1-2: Foul Ball, location: 2F 1-2: Strikes out swinging
|
|
Batting: LHB Greg Brock
|
0-0: Ball 1-0: SINGLE (Groundball, 3D, EV 105.6 MPH)
|
|
Batting: RHB Larry Parrish
|
0-0: Ball 1-0: Foul Ball, location: 2F 1-1: Fly out, F7 (Flyball, 7, EV 95.0 MPH)
|
| Top of the 4th over - 0 runs, 1 hit, 0 errors, 1 left on base; Detroit 0 - New York 0 |
| BOTTOM OF THE 4TH |
|
New York Yankees batting - Pitching for Detroit Tigers : RHP Matt Wiseman
|
|
Batting: RHB David Hall
|
0-0: Swinging Strike 0-1: Ball 1-1: Ground out 5-3 (Groundball, 56S, EV 80.0 MPH)
|
|
Batting: LHB Wade Boggs
|
0-0: Called Strike 0-1: Foul Ball, location: 2F 0-2: Foul Ball, location: 2F 0-2: Ball 1-2: Fly out, F4 (Line Drive, 4, EV 70.0 MPH)
|
|
Batting: LHB Kent Hrbek
|
0-0: Ball 1-0: Called Strike 1-1: Ground out U3 (Groundball, 3, EV 101.9 MPH)
|
| Bottom of the 4th over - 0 runs, 0 hits, 0 errors, 0 left on base; Detroit 0 - New York 0 |
| TOP OF THE 5TH |
|
Detroit Tigers batting - Pitching for New York Yankees : RHP Paul Moskau
|
|
Batting: RHB Andre Thornton
|
0-0: Ball 1-0: Fly out, F8 (Flyball, 8LS, EV 85.0 MPH)
|
|
Batting: LHB Randy S Johnson
|
0-0: Foul Ball, location: 2F 0-1: Ball 1-1: Foul Ball, location: 2F 1-2: Strikes out swinging
|
|
Batting: LHB Dan Graham
|
0-0: Swinging Strike 0-1: Foul Ball, location: 2F 0-2: Ball 1-2: Strikes out looking
|
| Top of the 5th over - 0 runs, 0 hits, 0 errors, 0 left on base; Detroit 0 - New York 0 |
| BOTTOM OF THE 5TH |
|
New York Yankees batting - Pitching for Detroit Tigers : RHP Matt Wiseman
|
|
Batting: RHB Pedro Guerrero
|
0-0: Swinging Strike 0-1: Swinging Strike 0-2: Strikes out swinging
|
|
Batting: LHB George Kaage
|
0-0: Called Strike 0-1: Called Strike 0-2: Ball 1-2: SINGLE (Groundball, 34D, EV 100.6 MPH)
|
|
Batting: RHB Emanuel Cortez
|
0-0: Called Strike 0-1: Swinging Strike 0-2: Foul Ball, location: 2F 0-2: Ball 1-2: Ball 2-2: Ball 3-2: SINGLE (Line Drive, 8LS, EV 108.8 MPH) George Kaage to second
|
|
Batting: SHB Jerry Manuel
|
0-0: Ball 1-0: Foul Ball, location: 2F 1-1: Foul Ball, location: 2F 1-2: Foul Ball, location: 2F 1-2: Ball 2-2: Ball 3-2: Fly out, F8 (Flyball, 8RM, EV 86.9 MPH)
|
|
Batting: LHB Ron Hassey
|
0-0: Foul Ball, location: 2F 0-1: Ball 1-1: Ball 2-1: Ground out 5-3 (Groundball, 56S, EV 65.0 MPH)
|
| Bottom of the 5th over - 0 runs, 2 hits, 0 errors, 2 left on base; Detroit 0 - New York 0 |
| TOP OF THE 6TH |
|
Detroit Tigers batting - Pitching for New York Yankees : RHP Paul Moskau
|
|
Batting: RHB Mike Sproles
|
0-0: Ball 1-0: Called Strike 1-1: Foul Ball, location: 2F 1-2: Ball 2-2: Ball 3-2: Strikes out looking
|
|
Batting: SHB Lee Mazzilli
|
0-0: Called Strike 0-1: Ball 1-1: Ball 2-1: Called Strike 2-2: Foul Ball, location: 2F 2-2: Ball 3-2: Strikes out swinging
|
|
Batting: RHB Rusty Tillman
|
0-0: Ball 1-0: Swinging Strike 1-1: Swinging Strike 1-2: Strikes out looking
|
| Top of the 6th over - 0 runs, 0 hits, 0 errors, 0 left on base; Detroit 0 - New York 0 |
| BOTTOM OF THE 6TH |
|
New York Yankees batting - Pitching for Detroit Tigers : RHP Matt Wiseman
|
|
Batting: SHB Willie Wilson
|
0-0: Fly out, F7 (Flyball, 78M, EV 82.5 MPH)
|
|
Batting: RHB David Hall
|
0-0: Ball 1-0: Swinging Strike 1-1: Ball 2-1: Called Strike 2-2: SINGLE (Line Drive, 4D, EV 96.3 MPH)
|
|
Batting: LHB Wade Boggs
|
0-0: Fly out, F1 (Line Drive, P, EV 64.4 MPH)
|
|
Batting: LHB Kent Hrbek
|
0-0: Called Strike 0-1: 2-RUN HOME RUN (Line Drive, 7LD, EV 99.4 MPH), Distance : 360 ft
|
|
Batting: RHB Pedro Guerrero
|
0-0: Ball 1-0: Foul Ball, location: 2F 1-1: DOUBLE (Groundball, 5L, EV 95.0 MPH)
|
|
Batting: LHB George Kaage
|
0-0: Ball 1-0: Fly out, F9 (Line Drive, 9, EV 102.5 MPH)
|
| Bottom of the 6th over - 2 runs, 3 hits, 0 errors, 1 left on base; Detroit 0 - New York 2 |
| TOP OF THE 7TH |
|
Detroit Tigers batting - Pitching for New York Yankees : RHP Paul Moskau
|
|
Batting: SHB Tony Phillips
|
0-0: Called Strike 0-1: Foul Ball, location: 2F 0-2: Ball 1-2: Foul Ball, location: 2F 1-2: Foul Ball, location: 2F 1-2: Strikes out swinging
|
|
Batting: LHB Greg Brock
|
0-0: Ball 1-0: SINGLE (Line Drive, 89M, EV 104.4 MPH)
|
|
Pinch Runner at 1st Nick Capra:
|
|
|
Batting: RHB Larry Parrish
|
0-0: Ball 1-0: Foul Ball, location: 2F 1-1: Ball 2-1: Called Strike 2-2: Foul Ball, location: 2F 2-2: Ball 3-2: Fly out, F8 (Flyball, 8RXD, EV 111.3 MPH)
|
|
Batting: RHB Andre Thornton
|
0-0: Ball 1-0: Called Strike Nick Capra steals 2nd base (no throw) 1-1: Foul Ball, location: 2F 1-2: Foul Ball, location: 2F 1-2: Fly out, F9 (Flyball, 9D, EV 100.0 MPH)
|
| Top of the 7th over - 0 runs, 1 hit, 0 errors, 1 left on base; Detroit 0 - New York 2 |
| BOTTOM OF THE 7TH |
|
New York Yankees batting - Pitching for Detroit Tigers : RHP Matt Wiseman
|
|
Now at 1B: William Young
|
|
|
Batting: RHB Emanuel Cortez
|
0-0: Ball 1-0: Reached via error on a dropped throw from 2B, E3 (Groundball, 4, EV 101.9 MPH)
|
|
Batting: SHB Jerry Manuel
|
0-0: Ball 1-0: Called Strike 1-1: Called Strike 1-2: Strikes out swinging
|
|
Batting: LHB Ron Hassey
|
0-0: Called Strike Emanuel Cortez steals 2nd base 0-1: Called Strike 0-2: Ball 1-2: Foul Ball, location: 2F 1-2: SINGLE (Groundball, 4MD, EV 105.6 MPH) Emanuel Cortez to third Runner from 3rd tries for Home, SAFE, throw by CF to home
|
|
Batting: SHB Willie Wilson
|
Pickoff Throw to First - Out! 1-3 0-0: Ground out 6-3 (Groundball, 56, EV 105.0 MPH)
|
| Bottom of the 7th over - 1 run, 1 hit, 1 error, 0 left on base; Detroit 0 - New York 3 |
| TOP OF THE 8TH |
|
Detroit Tigers batting - Pitching for New York Yankees : RHP Paul Moskau
|
|
Now in CF: Larry Hyman
|
|
|
Batting: LHB Randy S Johnson
|
0-0: Ball 1-0: Ground out 3-1 (Groundball, 23, EV 88.8 MPH)
|
|
Batting: LHB Dan Graham
|
0-0: Ball 1-0: Called Strike 1-1: Ball 2-1: SINGLE (Line Drive, 4MD, EV 97.5 MPH)
|
|
Batting: RHB Mike Sproles
|
0-0: Ball 1-0: Foul Ball, location: 2F 1-1: Fly out, F8 (Flyball, 8LS, EV 85.6 MPH)
|
|
Pitching: RHP Camilo Aprgio
|
|
|
Batting: SHB Lee Mazzilli
|
0-0: Ball 1-0: Ball 2-0: Called Strike 2-1: Ball 3-1: Fly out, F9 (Flyball, 9D, EV 101.3 MPH)
|
| Top of the 8th over - 0 runs, 1 hit, 0 errors, 1 left on base; Detroit 0 - New York 3 |
| BOTTOM OF THE 8TH |
|
New York Yankees batting - Pitching for Detroit Tigers : RHP Matt Wiseman
|
|
Pitching: RHP Leonardo Gomez
|
|
|
Batting: RHB David Hall
|
0-0: Fly out, F8 (Flyball, 78M, EV 95.0 MPH)
|
|
Batting: LHB Wade Boggs
|
0-0: Ball 1-0: Called Strike 1-1: Ball 2-1: Ball 3-1: Foul Ball, location: 2F 3-2: Base on Balls
|
|
Batting: LHB Kent Hrbek
|
0-0: Called Strike 0-1: Ball 1-1: Called Strike 1-2: Grounds into double play, 2-4-3 (Groundball, 15S, EV 67.5 MPH)
|
| Bottom of the 8th over - 0 runs, 0 hits, 0 errors, 0 left on base; Detroit 0 - New York 3 |
| TOP OF THE 9TH |
|
Detroit Tigers batting - Pitching for New York Yankees : RHP Camilo Aprgio
|
|
Batting: RHB Rusty Tillman
|
0-0: Ball 1-0: Ball 2-0: Called Strike 2-1: Swinging Strike 2-2: Strikes out looking
|
|
Batting: SHB Tony Phillips
|
0-0: Foul Ball, location: 2F 0-1: Called Strike 0-2: Ball 1-2: Ball 2-2: Strikes out looking
|
|
Batting: RHB William Young
|
0-0: Ball 1-0: Fly out, F8 (Flyball, 78M, EV 86.9 MPH)
|
| Top of the 9th over - 0 runs, 0 hits, 0 errors, 0 left on base; Detroit 0 - New York 3 |
|